 Dungeon Crawl Stone Soup version 0.20-a0-537-g052e6ba (webtiles) character file.

73 Alarkh the Chopper (level 4, -1/35 HPs)
             Began as a Demonspawn Monk on Jan 28, 2017.
             Slain by Sigmund
             ... wielding a +0 scythe
              (9 damage)
             ... on level 2 of the Dungeon.
             The game lasted 00:01:44 (1562 turns).

Alarkh the Chopper (Demonspawn Monk)                Turns: 1562, Time: 00:01:45

Health: -1/35      AC:  4    Str:  9 (11) XL:     4   Next: 8%
Magic:  4/4        EV: 12    Int: 11 (12) God:
Gold:   81         SH:  0    Dex: 15 (16) Spells: 3/3 levels left

rFire    . . .     SeeInvis .   a - +0 hand axe
rCold    . . .     Gourm    .   k - +0 leather armour (curse)
rNeg     . . .     Faith    +   (no shield)
rPois    .         Spirit   .   (helmet restricted)
rElec    .         Reflect  .   (no cloak)
rCorr    .         Harm     .   (no gloves)
MR       .....                  f - +0 pair of boots
Stlth    ++........             e - amulet of faith
Regen    0.2/turn               (no ring)
                                (no ring)

@: no status effects
A: horns 1, powered by pain 1
a: no special abilities


You were on level 2 of the Dungeon.
You were not hungry.

You visited 1 branch of the dungeon, and saw 2 of its levels.

You collected 81 gold pieces.

Inventory:

Hand Weapons
 a - a +0 hand axe (weapon)
Armour
 b - a +0 robe
 f - a +0 pair of boots (worn)
 k - a cursed +0 leather armour (worn)
Jewellery
 e - an amulet of faith (around neck)
 m - an uncursed amulet of rage {unknown}
Scrolls
 d - 2 scrolls of identify {unknown}
 g - 2 scrolls of remove curse {unknown}
 i - a scroll of enchant weapon {unknown}
Potions
 h - a potion of haste
Comestibles
 c - 2 bread rations
 l - 2 chunks of flesh


   Skills:
 - Level 3.0 Fighting
 + Level 4.5 Axes
 - Level 2.6 Dodging
 - Level 1.7 Stealth


You had 3 spell levels left.
You didn't know any spells.

Dungeon Overview and Level Annotations

Branches:
Dungeon (2/15)

Altars:

Annotations:
D:2 Sigmund


Innate Abilities, Weirdness & Mutations

You have a pair of small horns on your head.
You sometimes gain a little power by taking damage.


Message History

Sigmund is heavily wounded.
You hit the bat. The bat barely misses you.
Sigmund is suddenly surrounded by pale red light.
Sigmund closely misses you.
You hit Sigmund.
Sigmund is heavily wounded.
The bat closely misses you. Sigmund misses you.
You closely miss Sigmund. You headbutt Sigmund.
Sigmund is severely wounded.
You closely miss the bat. The bat barely misses you.
Your leather armour prevents you from hitting Sigmund.
Sigmund is severely wounded.
The bat hits you but does no damage.
Sigmund mumbles some strange words.
Sigmund flickers and vanishes!
Deactivating autopickup; reactivate with Ctrl-A.
You slash something! You hit the bat.
You kill the bat!
Something hits you!
You die...

##...# #....#
#..#.##
#..#..# #
#..##.# .#
#..##.##.#
#..##.#..#
#..##..#.##...
#..##.@.......
#......{.####.
##..........
####.........
####......
#####.


There were no monsters in sight!

Vanquished Creatures
  Ijyb (D:2)
  A gnoll (D:2)
  2 oozes (D:2)
  A dart slug (D:1)
  A leopard gecko (D:1)
  5 goblins (D:1)
  5 hobgoblins
  A quokka (D:2)
  4 bats
  3 frilled lizards
  3 kobolds (D:1)
  4 rats (D:1)
31 creatures vanquished.

Notes
Turn   | Place    | Note
-------+----------+-------------------------------------------
     0 | D:1      | Alarkh the Demonspawn Monk began the quest for the Orb.
     0 | D:1      | Reached XP level 1. HP: 18/18 MP: 1/1
    44 | D:1      | Reached skill level 3 in Axes
   393 | D:1      | Gained mutation: You have a pair of small horns on your head. [demonic ancestry]
   393 | D:1      | Reached XP level 2. HP: 24/24 MP: 2/2
   965 | D:2      | Noticed Ijyb
  1333 | D:2      | Noticed Sigmund
  1371 | D:2      | Reached XP level 3. HP: 25/29 MP: 3/3
  1394 | D:2      | Reached skill level 4 in Axes
  1490 | D:2      | Killed Ijyb
  1490 | D:2      | Gained mutation: You sometimes gain a little power by taking damage. [demonic ancestry]
  1490 | D:2      | Reached XP level 4. HP: 20/35 MP: 4/4
  1562 | D:2      | Slain by Sigmund

Vault maps used:
D:1:      lightli_arrival_isolated_outpost
D:2:      minmay_mini_jars, uniq_iyjb, uniq_sigmund

Skill      XL: |  1  2  3 |
---------------+----------+-----
Axes           | 3 4 |  4.5
Fighting       | |  3.0
Dodging        | |  2.6
Stealth        | |  1.7

Action                   |  1- 3 |  4- 6 || total
-------------------------+-------+-------++-------
Melee: Hand axe          |    97 |    14 ||   111
       Headbutt          |    18 |     3 ||    21
  Use: Potion            |     2 |     1 ||     3
 Stab: Sleeping          |     2 |       ||     2
  Eat: Chunk             |     2 |       ||     2
Armor: Robe              |     9 |       ||     9
       Leather armour    |     6 |     3 ||     9
Dodge: Dodged            |    51 |    14 ||    65
